 Dungeon Crawl Stone Soup version 0.16.2-14-g7133f4a77c (webtiles) character file.

114 KaZZacH the Skirmisher (level 4, 0/42 HPs)
             Began as a Minotaur Berserker on Dec 2, 2020.
             Was a Believer of Trog.
             Succumbed to poison (a potion of poison)
             ... on level 3 of the Dungeon on Aug 20, 2021.
             The game lasted 00:06:52 (1760 turns).

KaZZacH the Skirmisher (Minotaur Berserker)         Turns: 1760, Time: 00:06:52

Health: 0/42       AC:  3    Str: 23    XL:     4   Next: 66%
Magic:  2/2        EV: 12    Int:  4    God:    Trog [**....]
Gold:   88         SH:  0    Dex:  9    Spells: 0 memorised, 3 levels left

rFire  . . .     SeeInvis .     a - +0 hand axe
rCold  . . .     Clarity  .     b - +0 animal skin
rNeg   . . .     SustAb   .     (no shield)
rPois  .         Gourm    .     (helmet restricted)
rElec  .         Spirit   .     (no cloak)
rCorr  .         Warding  .     (no gloves)
rMut   .         Stasis   .     m - +0 pair of boots {Fly}
MR     .....                    (no amulet)
Stlth  +.........               (no ring)
                                (no ring)

@: lethally poisoned (0 -> -19), flying, very slightly contaminated, hasted,
invisible, very quick, not resistant to hostile enchantments, very unstealthy
A: retaliatory headbutt, horns 2
a: Burn Spellbooks, Berserk, Trog's Hand, Renounce Religion, Stop Flying


You were on level 3 of the Dungeon.
You worshipped Trog.
Trog was pleased with you.
You were very full.

You visited 1 branch of the dungeon, and saw 3 of its levels.

You collected 88 gold pieces.

Inventory:

Hand weapons
 a - a +0 hand axe (weapon)
Armour
 b - a +0 animal skin (worn)
 m - a +0 pair of boots of flying (worn)
Scrolls
 d - 2 scrolls of remove curse
 g - a scroll of enchant weapon {unknown}
 i - a scroll of fear {unknown}
 j - 3 scrolls of identify {unknown}
 k - a scroll of recharging {unknown}
 l - 2 scrolls of enchant armour {unknown}
 p - a scroll of teleportation {unknown}
Potions
 e - 2 potions of haste
 o - a potion of poison
Comestibles
 f - a meat ration
 h - a bread ration
 n - 2 chunks of flesh


   Skills:
 + Level 5.0 Fighting
 + Level 4.8 Axes
 + Level 2.9 Armour
 + Level 2.9 Dodging
 + Level 0.1 Stealth


You had 3 spell levels left.
You didn't know any spells.

Dungeon Overview and Level Annotations

Branches:
Dungeon (3/15)

Altars:
Ashenzari


Innate Abilities, Weirdness & Mutations

You reflexively headbutt those who attack you in melee.
You have a pair of horns on your head.


Message History

* * * LOW HITPOINT WARNING * * *
You feel sick.
You are very lightly contaminated with residual magic.
Drink which item? (? for menu, Esc to quit)
It was a potion of haste.
You feel yourself speed up.
* * * LOW HITPOINT WARNING * * *
You feel sick.
Drink which item? (? for menu, Esc to quit)
It was a potion of poison.
That liquid tasted very nasty...
You are more poisoned.
* * * LOW HITPOINT WARNING * * *
You feel sick.
Drink which item? (? for menu, Esc to quit)
Okay, then.
Eat which item? (? for menu, Esc to quit)
Okay, then.
Read which item? (? for menu, Esc to quit)
As you read the scroll labeled QANWEE NISUU, it crumbles to dust.
You feel blessed for a moment.
It was a scroll of remove curse.
You die...

#.###########
#..........(# ####
#...........# #...
#......)....# #...
#...........# #...
#...?..)....# #..(
#...........# #...
#...........#####...
#.#@#.######.†......
#.#.#.# #)####...
#...#.# #.# #...
#...... #.# #...
#...... #.# ####
#....... #>.
#....... ### #......
...


There were no monsters in sight!

Vanquished Creatures
  Jessica (D:3)
  6 adders
  A worm (D:2)
  An ooze (D:3)
  3 orcs (D:3)
  A ball python (D:2)
  9 goblins
  2 hobgoblins
  2 jackals (D:1)
  4 bats
  2 giant cockroaches
  2 giant newts
  A kobold (D:2)
  A quokka (D:2)
  2 rats
38 creatures vanquished.

Notes
Turn   | Place    | Note
--------------------------------------------------------------
     0 | D:1      | KaZZacH, the Minotaur Berserker, began the quest for the Orb.
     0 | D:1      | Reached XP level 1. HP: 19/19 MP: 1/1
   121 | D:2      | Reached skill level 4 in Fighting
   121 | D:2      | Reached XP level 2. HP: 18/27 MP: 1/1
   187 | D:2      | Reached XP level 3. HP: 9/34 MP: 2/2
  1029 | D:2      | Found a shattered altar of Ashenzari.
  1337 | D:3      | Reached XP level 4. HP: 37/41 MP: 2/2
  1655 | D:3      | Acquired Trog's second power
  1711 | D:3      | Noticed Jessica
  1716 | D:3      | Killed Jessica
  1716 | D:3      | Reached skill level 5 in Fighting
  1759 | D:3      | HP: 1/42 [poison (a potion of poison)]
  1760 | D:3      | Succumbed to poison (a potion of poison)

Action                   |  1- 3 |  4- 6 || total
-------------------------+-------+-------++-------
Melee: Hand axe          |    48 |    27 ||    75
 Abil: Stop Flying       |       |     1 ||     1
       Evoke Flight      |       |     1 ||     1
  Use: Potion            |       |     3 ||     3
       Scroll            |       |     1 ||     1
  Eat: Bread ration      |     1 |       ||     1
       Meat ration       |       |     1 ||     1
